 Dungeon Crawl Stone Soup version 0.19-a0-27-g415f530 (webtiles) character file.

2004 jyri the Grappler (level 9, -6/70 HPs)
             Began as a Ghoul Monk on May 1, 2016.
             Was a Priest of Yredelemnul.
             Mangled by an ogre
             ... wielding a +0 giant spiked club
              (10 damage)
             ... on level 6 of the Dungeon.
             The game lasted 00:33:12 (7072 turns).

jyri the Grappler (Ghoul Monk)                      Turns: 7072, Time: 00:33:13

Health: -6/70      AC: 13    Str: 17    XL:     9   Next: 22%
Magic:  8/8        EV:  5    Int:  5    God:    Yredelemnul [***...]
Gold:   254        SH:  0    Dex: 12    Spells: 0 memorised, 8 levels left

rFire  . . .     SeeInvis .       - Unarmed
rCold  + . .     Gourm    .     l - +1 plate armour
rNeg   + + +     Faith    .     (no shield)
rPois  ∞         Spirit   .     q - +0 helmet
rElec  .         Dismiss  .     (no cloak)
rCorr  .         Reflect  .     (no gloves)
SustAt .         Harm     .     p - +0 pair of boots
MR     .....                    (no amulet)
Stlth  ..........               z - +2 ring of slaying
                                E - ring of wizardry

@: rotting, not resistant to hostile enchantments, extremely unstealthy
A: rotting body, claws 1, carnivore 3, cold resistance 1, negative energy
resistance 3, slow regeneration 1, torment resistance, unbreathing
a: Recall Undead Slaves, Injury Mirror, Animate Dead, Renounce Religion


You were on level 6 of the Dungeon.
You worshipped Yredelemnul.
Yredelemnul was most pleased with you.
You were not hungry.

You visited 1 branch of the dungeon, and saw 6 of its levels.
You also visited: Sewer and Ossuary.

You collected 254 gold pieces.

Inventory:

Hand Weapons
 b - a +0 blowgun
Missiles
 d - 55 arrows
 m - 44 sling bullets
 o - 25 bolts
 A - a throwing net (quivered)
 D - 31 poisoned needles
Armour
 l - a +1 plate armour (worn)
 p - a +0 pair of boots (worn)
 q - a +0 helmet (worn)
Jewellery
 z - a +2 ring of slaying (right claw)
 E - a ring of wizardry (left claw)
Scrolls
 a - 5 scrolls of amnesia
 g - 4 scrolls of enchant armour
 j - 4 scrolls of teleportation
 k - 2 scrolls of identify {unknown}
 s - 2 scrolls of recharging
 t - 2 scrolls of noise {unknown}
 u - 3 scrolls of remove curse
 v - 4 scrolls of magic mapping
 x - a scroll of immolation {unknown}
Potions
 e - 4 potions of resistance {unknown}
 f - 5 potions of agility {unknown}
 h - 2 potions of lignification {unknown}
 i - 6 potions of brilliance {unknown}
 n - a potion of haste {unknown}
 r - 6 potions of curing {unknown}
 w - 3 potions of flight {unknown}
 B - 7 potions of heal wounds {unknown}
 C - a potion of might {unknown}
Comestibles
 c - a royal jelly
 y - 3 meat rations
 F - 4 chunks of flesh


   Skills:
 - Level 3.2 Fighting
 - Level 2.6 Dodging
 - Level 2.1 Stealth
 + Level 13.1 Unarmed Combat


You had 8 spell levels left.
You didn't know any spells.

Dungeon Overview and Level Annotations

Branches:
Dungeon (6/15)             Temple (0/1) D:6

Altars:
Ashenzari
Elyvilon
Fedhas
Yredelemnul
The Shining One

Annotations:
D:5 Sigmund


Innate Abilities, Weirdness & Mutations

Your body is rotting away.
You thrive on raw meat.
You are immune to poison.
You have sharp fingernails.
You are carnivorous and can eat meat at any time.
Your flesh is cold resistant.
You are immune to negative energy.
You regenerate slowly when monsters are visible.
You are immune to unholy pain and torment.
You can survive without breathing.


Message History

You scratch the ogre but do no damage. Your claw misses the ogre.
You claw the ogre!
The ogre is moderately wounded.
The ogre hits you with a giant spiked club!
* * * LOW HITPOINT WARNING * * *
Eat one of 5 chunks of flesh? (ye/n/q/i?) This raw flesh tastes great!
The giant frog hits you but does no damage.
Your orc skeleton hits the ogre with a dagger.
You continue eating.
The giant frog hits you.
The ogre hits you with a giant spiked club!!
* * * LOW HITPOINT WARNING * * *
The giant frog hits you but does no damage.
You continue eating.
The giant frog hits you but does no damage.
Your orc skeleton hits the ogre with a dagger.
The ogre hits you with a giant spiked club!
You die...
Yredelemnul claims you as an undead slave.

#.....#.#♣.
#?.....#.....#.##.
#......#....>#..## ...
#......#.....#...# ....
'......#.....#..## ....
#......#.....#.##. .....
#......#.....#.#♣.
......##OF....#.....#....
.........@Z....#.....#.#♣#
................#.....#.###
................#.....#.Z..
#.......##......#.....#....
#.......##......#.....#..Z.
#...............#.....#...Z
#...............#.....#...Z
#......>........#.....#...Z
#...............#.....#....


You could see an ogre, a giant frog and a friendly orc skeleton.

Vanquished Creatures
  An orc warrior (D:6)
  3 ice beasts
  A necrophage (D:6)
  2 ogres
  A centaur (D:6)
  3 big kobolds (Sewer)
  2 scorpions
  2 giant frog zombies
  3 hounds
  A jelly (D:6)
  2 orc priests
  5 orc wizards (D:6)
  An iguana (D:5)
  Terence (D:3)
  Natasha (D:4)
  2 worker ants (D:4)
  13 mummies (Ossuary)
  3 gnolls
  8 adders
  7 river rats (Sewer)
  2 oozes (Sewer)
  3 giant geckos
  12 orcs
  3 ball pythons
  6 giant cockroaches
  9 goblins
  4 hobgoblins
  2 jackals (D:2)
  5 bats
  5 giant newts
  A gnoll skeleton (Ossuary)
  2 goblin skeletons (Ossuary)
  19 kobolds
  3 kobold skeletons (Ossuary)
  An orc skeleton (Ossuary)
  A quokka zombie (D:5)
  25 rats
  11 rat skeletons (Ossuary)
176 creatures vanquished.

Vanquished Creatures (collateral kills)
  An orc warrior (D:6)
  A hound skeleton (D:4)
  A worker ant zombie (D:6)
  A ball python (Sewer)
  A rat (Sewer)
5 creatures vanquished.

Vanquished Creatures (others)
  A centaur skeleton (D:6)
  An ogre zombie (D:5)
  A necrophage skeleton (D:6)
  3 orc zombies (D:6)
  An adder zombie (D:6)
  A giant gecko skeleton (D:6)
  A gnoll skeleton (Ossuary)
  2 orc skeletons (D:6)
11 creatures vanquished.

Grand Total: 192 creatures vanquished

Notes
Turn   | Place    | Note
--------------------------------------------------------------
     0 | D:1      | jyri the Ghoul Monk began the quest for the Orb.
     0 | D:1      | Reached XP level 1. HP: 19/19 MP: 0/0
   143 | D:1      | Reached skill level 5 in Unarmed Combat
   143 | D:1      | Reached XP level 2. HP: 15/26 MP: 1/1
   351 | D:1      | Reached XP level 3. HP: 31/31 MP: 2/2
  1403 | D:2      | Found a basalt altar of Yredelemnul.
  1412 | D:2      | Reached skill level 6 in Unarmed Combat
  1412 | D:2      | Reached XP level 4. HP: 37/38 MP: 3/3
  1443 | D:2      | Became a worshipper of Yredelemnul the Dark
  1443 | D:2      | Reached * piety under Yredelemnul
  1443 | D:2      | Reached ** piety under Yredelemnul
  2022 | D:3      | Found a white marble altar of Elyvilon.
  2151 | D:3      | Reached XP level 5. HP: 23/45 MP: 4/4
  2157 | D:3      | Reached skill level 7 in Unarmed Combat
  2214 | D:3      | Found a faded altar to an unknown god.
  2253 | D:3      | Noticed Terence
  2264 | D:3      | Killed Terence
  2285 | D:3      | Found a blossoming altar of Fedhas.
  2285 | D:3      | Found a glowing golden altar of the Shining One.
  2904 | D:3      | Reached XP level 6. HP: 48/51 MP: 5/5
  2976 | D:4      | Reached skill level 8 in Unarmed Combat
  3039 | D:4      | Found a sand-covered staircase.
  3057 | Ossuary  | Entered an ossuary
  4049 | Ossuary  | Reached XP level 7. HP: 37/54 MP: 6/6
  4225 | D:4      | Found a shattered altar of Ashenzari.
  4390 | D:4      | Reached skill level 9 in Unarmed Combat
  4736 | D:4      | Noticed Natasha
  4756 | D:4      | Killed Natasha
  5032 | D:5      | Entered Level 5 of the Dungeon
  5194 | D:5      | Reached skill level 10 in Unarmed Combat
  5288 | D:5      | Found a glowing drain.
  5307 | Sewer    | Entered a sewer
  5362 | Sewer    | Reached XP level 8. HP: 60/63 MP: 7/7
  5539 | Sewer    | Reached *** piety under Yredelemnul
  5604 | Sewer    | Reached skill level 11 in Unarmed Combat
  6113 | D:5      | Noticed Sigmund
  6482 | D:6      | Reached skill level 12 in Unarmed Combat
  6618 | D:6      | Reached XP level 9. HP: 56/70 MP: 8/8
  6685 | D:6      | Found a staircase to the Ecumenical Temple.
  7017 | D:6      | Reached skill level 13 in Unarmed Combat
  7072 | D:6      | Mangled by an ogre

Vault maps used:
D:1:      erik_arrival_triangle_small
D:2:      nicolae_overflow_crystal_walls
D:3:      lemuel_doored_altar, gammafunk_temple_overflow_elements,
          ecumenical_altar_1, minmay_tree_intersection, cheibrodos_gnoll_hut,
          uniq_terence
D:4:      ashenzari_conservatory_becter, chequers_ossuary_entry_cave,
          uniq_natasha
D:5:      portal_sewer_entry_d, first_bread, basic_altar, uniq_sigmund
D:6:      minmay_temple_entry_statues_fountains, grunt_ministairs_8
Sewer:    sewer_minmay_treatment
Ossuary:  ossuary_due_small_catacomb

Skill      XL: |  1  2  3  4  5  6  7  8  9 |
---------------+----------------------------+-----
Unarmed Combat | 5 6 7 8 10 12 13 | 13.1
Fighting       | |  3.2
Dodging        | |  2.6
Stealth        | |  2.1

Action                   |  1- 3 |  4- 6 |  7- 9 || total
-------------------------+-------+-------+-------++-------
Melee: Unarmed           |   105 |   195 |   317 ||   617
       Punch             |       |     4 |     4 ||     8
Invok: Animate Remains   |       |     3 |     2 ||     5
       Animate Dead      |       |       |     6 ||     6
  Use: Scroll            |       |     7 |     2 ||     9
 Stab: Distracted        |       |       |     2 ||     2
  Eat: Chunk             |    11 |     7 |    36 ||    54
       Royal jelly       |       |     1 |       ||     1
Armor: Chain mail        |    25 |       |       ||    25
       Plate armour      |    29 |    76 |   229 ||   334
Dodge: Dodged            |    22 |    30 |    79 ||   131
